 Dungeon Crawl Stone Soup version 0.31.0-32-g396128a36d (webtiles) character file.

Game seed: 12214684017778178483

105 monsoonserge the Ducker (level 4, -1/31 HPs)
             Began as an Octopode Fighter on Mar 12, 2024.
             Slain by an iguana (10 damage)
             ... on level 4 of the Dungeon.
             The game lasted 00:04:19 (2087 turns).

monsoonserge the Ducker (Octopode Fighter)          Turns: 2087, Time: 00:04:19

Health: -1/31      AC:  1    Str: 17    XL:     4   Next: 81%
Magic:  4/4        EV: 13    Int: 10    God:
Gold:   127        SH:  4    Dex: 11    Spells: 3/3 levels left

rFire   . . .        g - +1 dagger (venom)
rCold   . . .        a - +0 buckler
rNeg    . . .        (helmet restricted)
rPois   .            (no amulet)
rElec   .            (no ring)
rCorr   .            (no ring)
SInv    .            (no ring)
Will    .....        (no ring)
Stlth   +++          (no ring)
HPRegen 0.25/turn    (no ring)
MPRegen 0.09/turn    (no ring)
                     (no ring)

%: no passive effects
@: no status effects
A: almost no armour, amphibious, 8 rings, camouflage 1, gelatinous body 1,
(nimble swimmer 1), tentacles
a: no special abilities


You were on level 4 of the Dungeon.
You visited 1 branch of the dungeon, and saw 4 of its levels.

You collected 127 gold pieces.

Inventory:

Hand Weapons
 g - a +1 dagger of venom (weapon)
Armour
 a - a +0 buckler (worn)
Wands
 i - a wand of iceblast (7)
Scrolls
 d - 2 scrolls of immolation {unknown}
 e - a scroll of fog {unknown}
 h - 3 scrolls of identify {unknown}
 l - 2 scrolls of noise {unknown}
 n - 3 scrolls of poison {unknown}
 o - a scroll of amnesia {unknown}
Potions
 b - a potion of might
 c - 2 potions of brilliance {unknown}
 f - a potion of haste {unknown}
 j - a potion of degeneration {unknown}
 k - a potion of cancellation {unknown}
 m - a potion of mutation {unknown}


   Skills:
 + Level 3.2 Fighting
 + Level 3.6 Dodging
 + Level 3.4 Stealth
 + Level 3.3 Shields
 * Level 2.8 Unarmed Combat


You had 3 spell levels left.
You didn't know any spells.
Your spell library was empty.

Dungeon Overview and Level Annotations

Branches:
Dungeon (4/15)
 Temple: D:4-7

Altars:
Makhleb
Qazlal
Vehumet
Xom


Innate Abilities, Weirdness & Mutations

You cannot wear most types of armour.
You are amphibious.
You can wear up to eight rings at the same time.
Your skin changes colour to match your surroundings (Stealth+).
Your rubbery body absorbs attacks. (AC +1, EV +1)
((You are camouflaged when in or above water. (Stealth+)))
You have tentacles for arms and can constrict up to eight enemies at once.


Message History

You hit the ball python.
The ball python is poisoned.
You grab the ball python.
The ball python is heavily wounded.
You constrict the ball python.
You kill the ball python!
A ball python comes into view.
The endoplasm quivers.
An iguana comes into view.
Found a book of Scorching.
You block the endoplasm's attack.
The iguana hisses angrily.
The ball python hisses angrily.
You hit the endoplasm.
The endoplasm is poisoned.
You squeeze the endoplasm.
You kill the endoplasm!
You hit the ball python.
You kill the ball python!
Your Stealth skill increases to level 3!
An iguana comes into view.
The iguana hisses angrily.
You block the iguana's attack.
You closely miss the iguana. You grab the iguana. You squeeze the iguana!
The iguana is heavily wounded.
You constrict the iguana. The iguana misses you.
You hit the iguana.
The iguana is poisoned.
The iguana is severely wounded.
You constrict the iguana. The iguana bites you!
You hit the iguana but do no damage.
The iguana looks as sick as possible!
The iguana is severely wounded.
You constrict the iguana, but do no damage.
The iguana barely misses you.
You hit the iguana.
The iguana is poisoned.
You grab the iguana.
The iguana is moderately wounded.
You constrict the iguana.
You constrict the iguana, but do no damage.
You kill the iguana!
The iguana bites you!
* * * LOW HITPOINT WARNING * * *
You hit the iguana but do no damage.
The iguana looks as sick as possible!
You squeeze the iguana, but do no damage.
The iguana is heavily wounded.
You constrict the iguana, but do no damage.
The iguana bites you!
You die...

## #....#....#.###.##
...........#............
#.:...##.......##.....##
........#.#.#....†.....
#...#.#.#...#†#.#...#.#
.#.#.#...........#.#.#..
.......##.....##.......#
#.......).......#....
#..l@#.###.#....#....
#...............# ..
.......##.....##.......#
.#.#.#...........#.#.#.
#...#.#.#...#.#.#...#
... ....#.#.#........
#.. .##.......##.....#
... .. ...#... .. ...


You could see an iguana (extremely poisoned).

Vanquished Creatures
  An iguana (D:4)
  2 adders
  2 dart slugs
  2 ribbon worms (D:2)
  An orc (D:3)
  10 ball pythons
  6 endoplasms
  A giant cockroach (D:4)
  3 goblins
  A hobgoblin (D:2)
  4 kobolds
  4 quokkas
  5 bats
  2 frilled lizards
  A rat (D:1)
45 creatures vanquished.

Notes
Turn   | Place    | Note
-------+----------+-------------------------------------------
     0 | D:1      | monsoonserge the Octopode Fighter began the quest for the
                  | Orb.
     0 | D:1      | Reached XP level 1. HP: 16/16 MP: 1/1
   246 | D:1      | Reached skill level 1 in Stealth
   246 | D:1      | Reached XP level 2. HP: 21/21 MP: 2/2
   961 | D:2      | Reached XP level 3. HP: 20/26 MP: 3/3
  1604 | D:3      | Found a burning altar of Makhleb.
  1604 | D:3      | Found a shimmering altar of Xom.
  1664 | D:3      | Found a radiant altar of Vehumet.
  1700 | D:3      | Reached XP level 4. HP: 24/31 MP: 4/4
  1754 | D:3      | Found a faded altar of an unknown god.
  1963 | D:3      | Found a stormy altar of Qazlal.
  1963 | D:3      | Noticed a sky beast
  2087 | D:4      | Slain by an iguana

Illustrated notes

Levels and vault maps discovered:
D:1:      lemuel_arrival_muddy, layout_basic, grunt_decor_one_mirror
D:2:      layout_rooms, wad_floor_pattern_untrapped
D:3:      layout_loops_cross, grunt_temple_overflow_champion_of_chaos,
          nicolae_qazlal_beasts_of_the_sky, lemuel_tele_altar,
          ebering_ecumenical_altar_rust, minmay_misc_feat_four_crosses,
          st_stairs_13, kennysheep_minor_cross, moated_statue,
          hangedman_abyss_or_decor_lesser_grid, uniq_crazy_yiuf_cottage
D:4:      nicolae_cairo_tiling_large_dashed, layout_basic,
          mainiacjoe_overflow_cross_hatched, nicolae_ru_the_path_less_chosen

Skill      XL: |  1  2  3  4 |
---------------+-------------+-----
Stealth        | 1 2 3 |  3.4
Fighting       | |  3.2
Dodging        | |  3.6
Shields        | |  3.3
Unarmed Combat | |  2.8

Action                     |  1- 3 |  4- 6 || total
---------------------------+-------+-------++-------
  Melee: Unarmed           |    26 |       ||    26
         Constrict         |    20 |     7 ||    27
         Dagger            |    48 |    18 ||    66
         Tentacles         |    12 |     7 ||    19
         Punch             |     1 |     1 ||     2
   Stab: Sleeping          |    10 |     2 ||    12
 Armour: Skin              |    23 |     7 ||    30
  Dodge: Dodged            |    34 |     6 ||    40
  Block: Buckler           |    16 |     5 ||    21
